[Event "*** Titled Tuesday Blitz"]
[Site "Chess.com"]
[Date "2019.10.01"]
[Round "7"]
[White "Alopekos"]
[Black "djano"]
[Result "1-0"]
[WhiteElo "2522"]
[BlackElo "2393"]
[TimeControl "180+2"]
[EndTime "14:39:30 PDT"]
[Termination "Alopekos won by checkmate"]

1. e4 c5 2. Nc3 a6 3. Nf3 e6 4.
d4 cxd4 5. Nxd4 b5 6. Bd3 Bb7 7. O-O Nc6 8. Nxc6 Bxc6 9. Re1 g6 10. a4 Bg7 11. axb5 axb5 12. Rxa8 Qxa8 13. Nxb5 Qb8 14. Qe2 Ne7 15. Be3 O-O 16. Bc5 Re8 17. Bd6 Qb6 18.
e5 Nf5 19. Bc7 Qc5 20. Nd6 Ra8 21. Nxf5 gxf5 22. Bd6 Qd5 23. f3 Qd4+ 24. Qf2 Qxb2 25. h4 Ra1 26. Rxa1 Qxa1+ 27. Kh2 Bxe5+ 28. Bxe5 Qxe5+ 29. Kh1 Qa1+ 30. Kh2 Qe5+ 31. Kh1 Kg7 32. Kg1 Qf4 33. h5 Kh6 34. Qc5 Qc1+ 35. Kh2 Qf4+ 36. Kg1 Kxh5 37. Qf8 Qc1+ 38. Kh2 Qh6 39. Qxf7+ Kg5+ 40. Kg1 Kf4 41. Qe7 Ke3 42. Qc5+ Kd2 43. Qf2+ Kc1 44.
Qe1+ Kb2 45. Qb4+ Ka1 46. Qa3+ Kb1 47. c4# 1-0

[Event "*** Titled Tuesday Blitz"]
[Site "Chess.com"]
[Date "2019.10.01"]
[Round "7"]
[White "Jospem"]
[Black "Keranke"]
[Result "1-0"]
[WhiteElo "2894"]
[BlackElo "2806"]
[TimeControl "180+2"]
[EndTime "14:39:35 PDT"]
[Termination "Jospem won by resignation"]

1. c4 g6 2. Nf3 Bg7 3. d4 Nf6 4. g3 O-O 5. Bg2 d6 6. O-O c6 7. Nc3 Qa5 8. h3 e5 9. e3 Re8 10. Bd2 Qc7 11. Rc1 e4 12. Ng5 Bf5 13. g4 h6 14. gxf5 hxg5 15. fxg6 fxg6 16. f3 exf3 17.
Qxf3 Qe7 18. b4 Nbd7 19. b5 Rac8 20. a4 Nb6 21. Qe2 d5 22. cxd5 Nbxd5 23. bxc6 bxc6 24. Qd3 Nxc3 25. Rxc3 Ne4 26. Bxe4 Qxe4 27. Qxe4 Rxe4 28. Kg2 g4 29. hxg4 Rxg4+ 30. Kf3 Rg5 31. Rfc1 Rf8+ 32.
Ke2 Rg2+ 33. Kd3 Rff2 34. R1c2 g5 35. Rxc6 g4 36. Be1 Rxc2 37. Rxc2 Rg1 38. Bf2 Rg2 39. Bh4 Rg1 40. Ke4 Kf7 41. Kf5 g3 42. Kg4 g2 43.
Bg5 Bf8 44. Rf2+ Ke8 45. Kf3 Ra1 46. Rxg2 Rxa4 47. Ke4 a5 48. Rc2 Kd7 49. Bf4 Ra1 50. Rc7+ Kd8 51. Ra7 Bb4 52. Kd5 Rf1 53. Ke6 Kc8 54.
Rc7+ Kd8 55. Rc4 Rh1 56. Bg5+ 1-0

[Event "*** Titled Tuesday Blitz"]
[Site "Chess.com"]
[Date "2019.10.01"]
[Round "7"]
[White "ENEASZ"]
[Black "Bad4life"]
[Result "1-0"]
[WhiteElo "2521"]
[BlackElo "2360"]
[TimeControl "180+2"]
[EndTime "14:39:36 PDT"]
[Termination "ENEASZ won by resignation"]

1. e4 c5 2. c3 Nf6 3. e5 Nd5 4. d4 cxd4 5. cxd4 d6 6. Bc4 dxe5 7. dxe5 Be6 8. Nf3 Nc6 9. O-O g6 10. Qe2 Nc7 11. Nc3 Bg7 12. Rd1 Qc8 13. Bf4 O-O 14. Rac1 a6 15. Ne4 Bxc4 16. Rxc4 Qg4 17. Bg3 Kh8 18.
Nd6 Qe6 19. Nxb7 Nb5 20. a4 Nba7 21. Nc5 Qc8 22. e6 f5 23. Nd7 Qb7 24. Nxf8 Rxf8 25.
Rd7 Qb3 26. Ne5 f4 27. Nxc6 fxg3 28. hxg3 Nxc6 29. Rxc6 Qxa4 30. Rxa6 Qb4 31. Rda7 Bd4 32. Ra8 Rxa8 33. Rxa8+ Kg7 34. Rd8 Bxb2 35. Rd7 Bf6 36. g4 Qb1+ 37. Kh2 Qb8+ 38. g3 Qb3 39. Rd8 Qb6 40. Rc8 Qd6 41. Rc4 Qd5 42. Re4 Qg5 43. f4 Qh6+ 44. Kg2 g5 45. f5 Kh8 46. Qc2 Qf8 47.
Rc4 Qh6 48. Rc8+ Kg7 49. Qc6 Qh5 50. gxh5 1-0

[Event "*** Titled Tuesday Blitz"]
[Site "Chess.com"]
[Date "2019.10.01"]
[Round "7"]
[White "Aggressus"]
[Black "oskariot"]
[Result "1-0"]
[WhiteElo "2392"]
[BlackElo "2673"]
[TimeControl "180+2"]
[EndTime "14:39:39 PDT"]
[Termination "Aggressus won on time"]

1. e4 e6 2. d4 d5 3. e5 c5 4.
c3 Nc6 5. g3 Qb6 6. Ne2 f6 7.
exf6 Nxf6 8. Bg2 cxd4 9. cxd4 Bb4+ 10. Nbc3 O-O 11. O-O Bd7 12. Na4 Qc7 13. Bf4 Bd6 14.
Nc5 Bxf4 15. Nxf4 Rae8 16. Re1 Nd8 17. Rc1 Qb6 18. Qd2 Rf7 19. Re3 Rfe7 20. Rce1 Bc8 21. Rb3 Qd6 22. Ncd3 Nd7 23. Ne5 Nxe5 24. Rxe5 Nc6 25.
Rg5 h6 26. Rg6 Rf7 27. Nxd5 Qd8 28. Nf4 e5 29. Nh5 Nxd4 30. Rd3 Bf5 31. Qxh6 Bxg6 32. Qxg6 Re6 33. Qg4 Qd6 34. Be4 Rh6 35. Rc3 Nc6 36. Rd3 Nd4 37. Rc3 Nc6 38. Rd3 Qe7 39. Bd5 Nd4 40.
Rc3 Kh7 41. Be4+ g6 42. Rc8 Rf6 43. Nxf6+ Qxf6 44. Rc7+ Kh8 45. Qc8+ 1-0

[Event "*** Titled Tuesday Blitz"]
[Site "Chess.com"]
[Date "2019.10.01"]
[Round "7"]
[White "AliKa2810"]
[Black "Mr_Sinigami"]
[Result "1/2-1/2"]
[WhiteElo "2601"]
[BlackElo "2410"]
[TimeControl "180+2"]
[EndTime "14:39:40 PDT"]
[Termination "Game drawn by repetition"]

1. e4 c5 2. Nf3 e6 3. d4 cxd4 4. Nxd4 Nc6 5. c4 Nf6 6. Nc3 Bb4 7. Nxc6 dxc6 8. Qxd8+ Kxd8 9. e5 Ne4 10. a3 Bxc3+ 11. bxc3 b6 12. h4 Kc7 13. h5 Ba6 14. Rh4 Nc5 15.
h6 g6 16. Bg5 Nd7 17. Rf4 Rhf8 18. Be7 Nxe5 19. Bxf8 Rxf8 20. c5 Bxf1 21. cxb6+ axb6 22.
Kxf1 f5 23. a4 Ra8 24. Rd4 Nd7 25. Rad1 Nc5 26. Re1 Nb3 27. Rb4 Nc5 28. Re3 Kd6 29. Rxb6 Rxa4 30. g3 e5 31. Rb8 e4 32. Rh8 Ra7 33.
Re1 Nd3 34. Rb1 Kc5 35. Rbb8 Ra1+ 36. Ke2 Kc4 37. Kd2 Ra2+ 38. Ke3 Rxf2 39. Rxh7 Kxc3 40. Rd7 Rf3+ 41. Ke2 Rf2+ 42. Ke3 Rf3+ 43. Ke2 Nc1+ 44. Ke1 Nd3+ 45. Ke2 1/2-1/2

[Event "*** Titled Tuesday Blitz"]
[Site "Chess.com"]
[Date "2019.10.01"]
[Round "7"]
[White "Spring199"]
[Black "ecwinslow"]
[Result "1/2-1/2"]
[WhiteElo "2364"]
[BlackElo "2114"]
[TimeControl "180+2"]
[EndTime "14:39:40 PDT"]
[Termination "Game drawn by repetition"]

1. d4 Nf6 2. c4 g6 3. Nc3 Bg7 4. e4 d6 5. Nge2 O-O 6. Ng3 e5 7. d5 c6 8. Be2 Na6 9. h4 h5 10. Bg5 Qb6 11. Qd2 Ng4 12. Bxg4 Bxg4 13. f3 Bd7 14.
O-O-O c5 15. Bh6 Qb4 16. Bxg7 Kxg7 17. Qg5 Rh8 18. Nf5+ Bxf5 19. exf5 Qxc4 20. Kb1 Qf4 21.
Qxf4 exf4 22. fxg6 fxg6 23. Ne4 Rad8 24. Ng5 Nc7 25.
Rhe1 Rhe8 26. Rxe8 Rxe8 27. Nh3 Re5 28. Nxf4 Kf6 29.
g4 hxg4 30. fxg4 Re4 31. Rf1 Kg7 32. h5 g5 33. Ne6+ Nxe6 34. dxe6 Rxe6 35. Rf5 Re5 36.
Rxe5 dxe5 37. Kc2 b5 38. b3 Kf6 39. Kd3 Ke6 40. a3 Kf6 41. a4 a6 42. axb5 axb5 43. Ke4 c4 44. bxc4 bxc4 45. Ke3 Ke6 46. Ke4 Kf6 47. Ke3 Ke7 48. Ke4 Ke6 49. Ke3 Kf6 50. Ke4 Ke6 51. Ke3 Kf6 52. Kf3 Ke6 53. Ke4 Kf6 1/2-1/2

[Event "*** Titled Tuesday Blitz"]
[Site "Chess.com"]
[Date "2019.10.01"]
[Round "7"]
[White "Ginzburg_Yakov"]
[Black "Rsnr"]
[Result "0-1"]
[WhiteElo "2575"]
[BlackElo "2771"]
[TimeControl "180+2"]
[EndTime "14:39:42 PDT"]
[Termination "Rsnr won by resignation"]

1. e4 c6 2. d4 d5 3. Nc3 dxe4 4. Nxe4 Bf5 5. Ng3 Bg6 6. Nf3 e6 7. Ne5 Nf6 8. Nxg6 hxg6 9. c3 Bd6 10. Qf3 Qc7 11. Bd3 Nbd7 12. Be3 e5 13. O-O-O O-O-O 14. Ne4 Nxe4 15. Bxe4 f5 16. Bc2 e4 17. Qe2 Nf6 18.
h3 f4 19. Bd2 Rhe8 20. Kb1 g5 21. c4 c5 22. Bc3 Kb8 23. Rhe1 cxd4 24. Bxd4 Be5 25.
Bxe5 Qxe5 26. Ba4 Rh8 27. Qc2 Rc8 28. b4 Rhd8 29. Bb3 a5 30. a3 Nd5 31. Qb2 Nc3+ 32. Kc2 axb4 33. axb4 Rd3 34. Rxe4 Qxe4 35. Rxd3 Nd5 36.
Qa3 Qxg2 37. b5 Qxf2+ 38. Kb1 Qe1+ 39. Rd1 Qe4+ 40. Ka2 Nc3+ 41. Ka1 Qe5 42. Qb2 f3 43. Rf1 f2 44. Qxf2 Nd1+ 0-1

[Event "*** Titled Tuesday Blitz"]
[Site "Chess.com"]
[Date "2019.10.01"]
[Round "7"]
[White "dopolian"]
[Black "Stouuf"]
[Result "1/2-1/2"]
[WhiteElo "2348"]
[BlackElo "2605"]
[TimeControl "180+2"]
[EndTime "14:39:42 PDT"]
[Termination "Game drawn by repetition"]

1. e4 d6 2. d4 Nf6 3. Nc3 e5 4.
dxe5 dxe5 5. Qxd8+ Kxd8 6. Bc4 Be6 7. Bxe6 fxe6 8. Be3 Bd6 9. f3 Ke7 10. O-O-O Nc6 11. Nge2 a6 12. Na4 h6 13. Nc5 b6 14.
Nb7 Rab8 15. Nxd6 cxd6 16. Nc3 b5 17. Rd2 Rhd8 18. Rhd1 Rd7 19. g4 Na5 20. b3 Rc8 21. Kb2 Nc6 22. a4 b4 23. Nb1 a5 24. Rd3 d5 25.
Nd2 Nd8 26. Bb6 Nb7 27. h4 Rd6 28. Bf2 Rdc6 29. Rc1 dxe4 30. Nxe4 Nxe4 31. fxe4 Rc3 32. Bb6 R8c6 33. Be3 Nd6 34. Bd2 R3c5 35. Be3 Rc3 36. Bd2 Rxd3 37. cxd3 Kd7 38. Rxc6 Kxc6 39. Be3 Nc8 40.
h5 Ne7 41. g5 Ng8 42. Kc2 Kc7 43. Kd2 hxg5 44. Bxg5 Nh6 45. Bxh6 gxh6 46. Ke3 Kd6 47. d4 exd4+ 48. Kxd4 e5+ 49. Kc4 Kc6 50. Kd3 Kc5 51. Ke3 Kd6 52. Kd3 Kc7 53. Kc4 Kc6 54.
Kd3 Kd6 55. Kc4 Kc6 1/2-1/2

[Event "*** Titled Tuesday Blitz"]
[Site "Chess.com"]
[Date "2019.10.01"]
[Round "7"]
[White "riconaipe"]
[Black "vova-79"]
[Result "1/2-1/2"]
[WhiteElo "2612"]
[BlackElo "2467"]
[TimeControl "180+2"]
[EndTime "14:39:48 PDT"]
[Termination "Game drawn - insufficient material"]

1. d4 d5 2. c4 c6 3. Nf3 Nf6 4. e3 e6 5. Nc3 Nbd7 6. Qc2 Bd6 7.
g4 h6 8. h3 e5 9. dxe5 Nxe5 10. Nxe5 Bxe5 11. cxd5 Nxd5 12. Bg2 Nxc3 13. bxc3 O-O 14. f4 Bf6 15. O-O Be6 16. e4 Bc4 17. Rf2 Bd3 18. Qb3 Qb6 19. e5 Be7 20. Qxb6 axb6 21.
Be3 b5 22. Bf1 Rfd8 23. Bb6 Rd5 24. Bg2 Bc5 25. Bxd5 Bxb6 26. Bb3 Bc4 27. Bxc4 bxc4 28. a4 g5 29. fxg5 hxg5 30. Kg2 Bxf2 31. Kxf2 Ra5 32. Rb1 Rxa4 33. Rxb7 Ra3 34. Ke3 Rxc3+ 35. Ke4 Rxh3 36. Rc7 c3 37. Kf5 Rf3+ 38. Kxg5 c2 39. Rxc6 Rf2 40. Rc7 Kf8 41. Kh4 Re2 42. Kg3 Rxe5 43. Rxc2 Kg7 44. Kf4 Re6 45. Rc5 Rf6+ 46. Kg5 Rg6+ 47.
Kh5 Rh6+ 48. Kg5 Rg6+ 49. Kh4 Rh6+ 50. Kg3 Ra6 51. g5 Kg6 52. Kf4 Ra4+ 53. Kf3 f6 54.
gxf6 Kxf6 55. Ke3 Ke6 56. Kd3 Kd6 57. Rc4 Rxc4 58. Kxc4 1/2-1/2

[Event "*** Titled Tuesday Blitz"]
[Site "Chess.com"]
[Date "2019.10.01"]
[Round "7"]
[White "Kostya_Nikologorskiy"]
[Black "PaulfromSPb"]
[Result "0-1"]
[WhiteElo "2514"]
[BlackElo "2669"]
[TimeControl "180+2"]
[EndTime "14:39:51 PDT"]
[Termination "PaulfromSPb won by resignation"]

1. d4 Nf6 2. c4 e6 3. Nf3 b6 4. g3 Ba6 5. Nbd2 c5 6. Bg2 Bb7 7. O-O cxd4 8. Nb3 Be7 9. Nbxd4 O-O 10. b3 Na6 11. Bb2 Nc5 12. Rc1 Rc8 13. Nb5 d5 14.
Ne5 a6 15. Nd4 Bd6 16. Ndf3 Qe7 17. cxd5 Bxd5 18. Qd4 Rfd8 19. Qh4 h6 20. Rfd1 Nce4 21. Nc4 Bc5 22. e3 b5 23. Nce5 Ba3 24. Bxa3 Qxa3 25. Rxc8 Rxc8 26. g4 Qxa2 27. g5 Qxb3 28. Rf1 hxg5 29.
Nxg5 Nxg5 30. Qxg5 Bxg2 31. Qxg2 Qd5 32. Qg3 Ne4 33.
Qf4 f6 34. Nf3 Ng5 35. Nxg5 Qxg5+ 36. Qxg5 fxg5 37. Ra1 Ra8 38. Kf1 Kf7 39. Ke2 Ke7 40. Kd3 Kd6 41. Rg1 Ra7 42. Rxg5 Rf7 43. f4 Kc6 44.
Rg6 Re7 45. Kd4 b4 46. Kc4 a5 47. e4 Kd6 48. e5+ Kd7 49. Kb5 Ke8 50. Kxa5 b3 51.
Rg1 Rb7 52. Ka4 b2 53. Rb1 Kf7 54. h4 Kg6 55. h5+ Kf5 56. Ka3 Kxf4 57. Ka2 Kxe5 0-1

[Event "*** Titled Tuesday Blitz"]
[Site "Chess.com"]
[Date "2019.10.01"]
[Round "7"]
[White "Bigfish1995"]
[Black "vugarrasulov"]
[Result "0-1"]
[WhiteElo "2989"]
[BlackElo "2889"]
[TimeControl "180+2"]
[EndTime "14:39:52 PDT"]
[Termination "vugarrasulov won by resignation"]

1. d4 Nf6 2. c4 e6 3. Nf3 b6 4.
a3 Bb7 5. Bf4 g6 6. Nc3 Bg7 7.
Qc2 O-O 8. e4 d6 9. h4 h5 10.
O-O-O Nbd7 11. Ng5 Qe7 12. d5 e5 13. Bg3 a5 14. Kb1 Nc5 15. b3 a4 16. b4 Nb3 17.
f3 Nd4 18. Qb2 Rfc8 19. Bd3 c6 20. dxc6 Bxc6 21. Bf2 Nd7 22. Ne2 Ne6 23. Nxe6 Qxe6 24. Nc3 Bb7 25. Nd5 b5 26. cxb5 Bxd5 27. exd5 Qe7 28.
Rhe1 Qd8 29. Qd2 e4 30. Rxe4 Rc3 31. Ka2 Rac8 32. Rde1 Ne5 33. Bb1 f5 34. Rxe5 Bxe5 35. b6 Qd7 36. Bc5 Qb5 37. Rxe5 Qc4+ 38. Ka1 Rxa3+ 39.
Ba2 dxe5 40. d6 Kh7 41. Kb1 Qf1+ 42. Qc1 Qxc1+ 43. Kxc1 Rxa2 44. b7 Rb8 45. d7 a3 46.
Bd6 Ra1+ 47. Kc2 a2 48. Bxb8 Rc1+ 49. Kxc1 a1=Q+ 50. Kc2 Qa4+ 0-1

[Event "*** Titled Tuesday Blitz"]
[Site "Chess.com"]
[Date "2019.10.01"]
[Round "7"]
[White "Babas"]
[Black "Siemba"]
[Result "1/2-1/2"]
[WhiteElo "2461"]
[BlackElo "2249"]
[TimeControl "180+2"]
[EndTime "14:39:59 PDT"]
[Termination "Game drawn by repetition"]

1. d4 Nf6 2. Nf3 g6 3. Nc3 d5 4. Bf4 Bg7 5. Nb5 Na6 6. c4 c6 7.
Nc3 O-O 8. e3 Nc7 9. Rc1 Ne6 10.
Be5 b6 11. Be2 Bb7 12. O-O Qd7 13. b4 a5 14. a3 axb4 15. axb4 dxc4 16. Bxc4 Rfd8 17.
Qb3 Nd5 18. Bxg7 Kxg7 19. Ne5 Qd6 20. Ra1 f6 21. Nd3 Nec7 22. Bxd5 Nxd5 23. Nxd5 cxd5 24. Rfc1 Bc6 25. b5 Be8 26. Rxa8 Rxa8 27. Nb4 e6 28. Nc6 Ra3 29. Qb2 Ra4 30. h3 Rc4 31. Rxc4 dxc4 32. Na7 Qc7 33. Qa3 c3 34. Nc6 c2 35. Qc3 Bxc6 36.
Qxc2 Kf7 37. bxc6 Ke7 38. e4 Kd6 39. Qa2 Qxc6 40. f3 Kd7 41. Qa7+ Qc7 42. Qa6 Qc6 43. Qa7+ Qc7 44. Qa6 Qc1+ 45. Kh2 Qf4+ 46. Kh1 Qc1+ 47. Kh2 Qc7+ 48. Kh1 e5 49. d5 Kd6 50. Qa8 Qc1+ 51.
Kh2 Qf4+ 52. Kg1 Qe3+ 53. Kf1 Qd3+ 54. Kf2 Qd2+ 55. Kg3 Qf4+ 56. Kf2 Qd2+ 57. Kg1 Qc1+ 58. Kh2 Qf4+ 59. Kg1 Qc1+ 60. Kh2 1/2-1/2

[Event "*** Titled Tuesday Blitz"]
[Site "Chess.com"]
[Date "2019.10.01"]
[Round "7"]
[White "Sajkochess"]
[Black "monalize"]
[Result "0-1"]
[WhiteElo "2261"]
[BlackElo "2407"]
[TimeControl "180+2"]
[EndTime "14:40:00 PDT"]
[Termination "monalize won by resignation"]

1. e4 c5 2. Nf3 d6 3. d4 cxd4 4. Nxd4 Nf6 5. Nc3 a6 6. g3 e6 7. Bg2 Qc7 8. O-O Nc6 9. Re1 Be7 10. Nxc6 bxc6 11. e5 dxe5 12. Rxe5 O-O 13. Bf4 Bd6 14. Rxe6 Bxf4 15. Rxc6 Qa5 16. Rxf6 Be5 17. Bxa8 Bxf6 18. Bg2 Rd8 19. Nd5 Bxb2 20. Rb1 Be5 21. Qe2 f6 22.
Ne7+ Kh8 23. Nc6 Qxa2 24. Rd1 Rxd1+ 25. Qxd1 Qa1 26. Qxa1 Bxa1 27. Kf1 Bc3 28. Ke2 Bf5 29. Kd1 a5 30. Bd5 a4 31. f3 g5 32. g4 Bd7 33.
Ne7 a3 34. Nf5 h5 35. Ke2 Bc6 36. Bb3 Bb5+ 37. Ke3 h4 38. Nd4 Bd7 39. h3 Kg7 40. Nf5+ Kf8 41. Kd3 Be5 42. Nd4 Ke7 43. Nf5+ Kd8 44.
Nd4 Kc7 45. Ne2 Bc6 46. Ke3 Kd6 47. Nd4 Kc5 48. Nf5 Bd5 49. Bxd5 Kxd5 50. Kd3 a2 51. Ne3+ Kc5 0-1

[Event "*** Titled Tuesday Blitz"]
[Site "Chess.com"]
[Date "2019.10.01"]
[Round "7"]
[White "Olga_Girya"]
[Black "Bathory44"]
[Result "0-1"]
[WhiteElo "2490"]
[BlackElo "2622"]
[TimeControl "180+2"]
[EndTime "14:40:06 PDT"]
[Termination "Bathory44 won by resignation"]

1. d4 Nf6 2. c4 g6 3. Nc3 Bg7 4. e4 O-O 5. Be2 d6 6. Be3 Nbd7 7. Nf3 e5 8. O-O Re8 9. Qc2 Nh5 10. Rfe1 Nf4 11. Bf1 Ne6 12. d5 Nd4 13. Bxd4 exd4 14. Nb5 Nc5 15. Nbxd4 a5 16. Rad1 Bg4 17. h3 Bd7 18. Nb3 Ba4 19. Nfd2 Qf6 20. Rb1 Qe7 21. Qc1 b6 22. Na1 Bh6 23. b3 Bd7 24. Nc2 Bxh3 25. gxh3 Qg5+ 26. Kh1 Qxd2 27. Qxd2 Bxd2 28. Re2 Nxe4 29.
Rd1 Bh6 30. Rde1 f5 31. Bg2 Nf6 32. Nd4 Rxe2 33. Rxe2 a4 34. Bf3 axb3 35. axb3 Ra1+ 36. Kg2 Bf8 37. Nb5 Rb1 38. Re3 f4 39. Re6 Nd7 40. Nxc7 Rxb3 41. Ne8 Ne5 42. Rxe5 dxe5 43. d6 Rd3 44. Bd5+ Rxd5 45. Nf6+ Kf7 46. Nxd5 Bxd6 47. Kf3 Ke6 48. Ke4 g5 49. Nxb6 Bc5 50. Na4 Bxf2 51. c5 Bd4 52. Nb6 Bxc5 53. Nc4 Bd4 54. Nd2 h5 55. Nf3 Kf6 56. Ne1 g4 57. hxg4 hxg4 58. Nd3 f3 0-1

[Event "*** Titled Tuesday Blitz"]
[Site "Chess.com"]
[Date "2019.10.01"]
[Round "7"]
[White "moro182"]
[Black "champ2005"]
[Result "1-0"]
[WhiteElo "2736"]
[BlackElo "2812"]
[TimeControl "180+2"]
[EndTime "14:40:08 PDT"]
[Termination "moro182 won by resignation"]

1. d4 Nf6 2. c4 Nc6 3. Nf3 e6 4. Nc3 Bb4 5. e3 d6 6. Bd3 e5 7. Bc2 Bxc3+ 8. bxc3 O-O 9. O-O Bg4 10. h3 Bh5 11. Qd2 Bxf3 12. gxf3 Qd7 13. Kh2 Rad8 14. Rg1 Rfe8 15. d5 Ne7 16. Qd3 c6 17. e4 Ng6 18.
Ba4 Nh5 19. Rg4 Nhf4 20. Bxf4 Nxf4 21. Qf1 Qc7 22. Rb1 Re7 23. Qc1 cxd5 24. cxd5 h5 25.
Rxf4 exf4 26. c4 Qc5 27. Kg2 Qd4 28. Qxf4 Qxc4 29. Bb3 Qd4 30. Rc1 Qf6 31. Qxf6 gxf6 32. Kg3 Kg7 33. Kf4 Re5 34. Rc7 f5 35. Rxb7 Rde8 36. Bc2 Rc8 37. Bd3 Rc3 38. Ke3 Ra3 39.
Rd7 Rxa2 40. Rxd6 Re8 41. Rd7 a5 42. Ra7 a4 43. d6 a3 44. Bc4 Ra1 45. Bxf7 Rd8 46.
e5 Kh6 47. Kf4 Rb8 48. e6 a2 49. d7 Kg7 50. e7 Kxf7 51. d8=Q 1-0

[Event "*** Titled Tuesday Blitz"]
[Site "Chess.com"]
[Date "2019.10.01"]
[Round "7"]
[White "Hrant_ChessMood"]
[Black "eljanov"]
[Result "0-1"]
[WhiteElo "2863"]
[BlackElo "2811"]
[TimeControl "180+2"]
[EndTime "14:40:09 PDT"]
[Termination "eljanov won by checkmate"]

1. d4 Nf6 2. c4 e6 3. Nf3 b6 4. g3 Bb7 5. Bg2 Be7 6. O-O O-O 7. Nc3 Ne4 8. Bd2 f5 9. Ne5 Bf6 10. Nxe4 Bxe4 11. Bc3 Bxg2 12. Kxg2 d5 13. Qa4 Bxe5 14. dxe5 c6 15. Rad1 Qd7 16. e3 Qb7 17. f3 Na6 18. cxd5 cxd5 19. Bd4 Rac8 20. Rc1 Nc5 21. Qa3 a5 22. Bxc5 Rxc5 23. Rxc5 bxc5 24. Qxc5 Qxb2+ 25. Rf2 Qxe5 26. Rc2 Rb8 27. Kh3 h6 28. Qa7 Kh7 29. Qd4 Qxd4 30. exd4 Kg6 31. Rc6 Kf6 32. Ra6 Rb4 33.
Rxa5 Rxd4 34. a4 g5 35. Ra8 Rd2 36. a5 h5 37. g4 hxg4+ 38. fxg4 Rd3+ 39. Kg2 fxg4 40. a6 Ra3 41. a7 Ke5 42. Kf2 d4 43. Kg2 Ke4 44. Kf2 e5 45. Kg2 d3 46. Kf2 Ra2+ 47. Kf1 Ke3 48. Re8 Ra1+ 49. Kg2 Rxa7 50. Rxe5+ Kf4 51. Rd5 Ke4 52. Rd8 Ra5 53. Kf2 Ra2+ 54.
Kg3 d2 55. Kf2 d1=Q+ 56. Rd2 Qxd2+ 57. Kf1 Ra1# 0-1

[Event "*** Titled Tuesday Blitz"]
[Site "Chess.com"]
[Date "2019.10.01"]
[Round "7"]
[White "platy3"]
[Black "GianmarcoVaR"]
[Result "1-0"]
[WhiteElo "2843"]
[BlackElo "2601"]
[TimeControl "180+2"]
[EndTime "14:40:13 PDT"]
[Termination "platy3 won by resignation"]

1. e4 c6 2. Nf3 d5 3. d3 dxe4 4. dxe4 Qxd1+ 5. Kxd1 Bg4 6. Be2 Nd7 7. Nfd2 Bxe2+ 8.
Kxe2 e5 9. a4 Ngf6 10. f3 Nc5 11. a5 Ne6 12. Nb3 O-O-O 13. Be3 Nd4+ 14. Bxd4 exd4 15.
Rd1 c5 16. Na3 Be7 17. Nc4 Rhe8 18. Nc1 Bd6 19. Kf2 Bf8 20. Nd3 Kb8 21. g4 g6 22. h4 h6 23. Nde5 Re7 24. Nd3 Ree8 25. b3 Rd7 26. Re1 Rc7 27. Re2 Nh7 28. e5 Be7 29.
Kg3 Nf8 30. f4 Nd7 31. Rae1 Nf8 32. f5 gxf5 33. gxf5 Rc6 34. Nf4 Bd8 35. Nd5 b5 36. axb6 axb6 37. Kh3 b5 38. Na3 c4 39. Nxb5 cxb3 40. cxb3 Rc5 41. Nd6 Rxd5 42. Nxe8 d3 43. Re4 d2 44. Rd1 Rd3+ 45. Kg2 Nd7 46. e6 fxe6 47.
fxe6 Nc5 48. Re2 Ba5 49. Nf6 Nxe6 50. Rxe6 Rxb3 51. Ne4 Rb4 52. Nxd2 Rb2 53. Re2 Bxd2 54. Rdxd2 Rb4 55. Kh3 Rb6 56. Rb2 Ka7 57. Rxb6 Kxb6 58. Re6+ Kc7 59. Rxh6 1-0

[Event "*** Titled Tuesday Blitz"]
[Site "Chess.com"]
[Date "2019.10.01"]
[Round "7"]
[White "Alex_Terzi"]
[Black "Msb2"]
[Result "0-1"]
[WhiteElo "2621"]
[BlackElo "2890"]
[TimeControl "180+2"]
[EndTime "14:40:15 PDT"]
[Termination "Msb2 won by resignation"]

1. e4 c6 2. d4 d5 3. exd5 cxd5 4. Bd3 Nc6 5. c3 Qc7 6. Ne2 Bg4 7. O-O e6 8. Qe1 Nf6 9. f3 Bh5 10. Bf4 Bd6 11. Bxd6 Qxd6 12. Nd2 Bg6 13. Qb1 O-O-O 14.
f4 Ng4 15. h3 Nh6 16. Ng3 Rhg8 17.
Qc2 Ne7 18. Bxg6 Nxg6 19. Nh5 Kb8 20. Rae1 Ne7 21. Qd3 Nhf5 22. Nf3 Ng6 23. Ne5 Qc7 24. g4 Nd6 25. Ng3 Ne7 26. Kg2 f5 27. g5 Ne4 28.
Re3 h6 29. g6 Nc6 30. Nf7 Rdf8 31. h4 h5 32. Ne5 Ne7 33. Nxh5 Rh8 34. Ng3 Rxh4 35.
Rh1 Rxh1 36. Nxh1 Nc6 37. Ng3 Nxe5 38. dxe5 Rh8 39. Nxe4 fxe4 40. Rh3 Rf8 41. Qe3 Qc6 42. Rh7 Qd7 43. Kg3 b6 44. a4 Rg8 45. a5 Qe8 46. axb6 Qxg6+ 47. Kf2 Qxh7 48. bxa7+ Ka8 49. Qb6 Qh2+ 50. Kf1 Qxf4+ 51. Ke2 Qh2+ 52. Kd1 Qxe5 53. Qc6+ Kxa7 54. Qd7+ Kb6 55. Kc2 Rf8 56. Kb3 Qc7 57.
Qxe6+ Qc6 58. Qe7 Qc4+ 59. Kc2 Rf2+ 0-1

[Event "*** Titled Tuesday Blitz"]
[Site "Chess.com"]
[Date "2019.10.01"]
[Round "7"]
[White "valeriocarnicelli"]
[Black "Taron_Shagbazyan"]
[Result "0-1"]
[WhiteElo "2488"]
[BlackElo "2741"]
[TimeControl "180+2"]
[EndTime "14:40:17 PDT"]
[Termination "Taron_Shagbazyan won by resignation"]

1. e4 e5 2. Nf3 Nc6 3. d4 exd4 4. Nxd4 Nf6 5. Nxc6 bxc6 6. e5 Qe7 7. Qe2 Nd5 8.
c4 Ba6 9. b3 g6 10. f4 d6 11. Qf2 Nf6 12. Be2 dxe5 13. Ba3 Qe6 14. Bxf8 Kxf8 15. O-O Kg7 16. Nc3 Rhe8 17. Rae1 e4 18.
f5 Qxf5 19. Qxf5 gxf5 20. Rxf5 Bc8 21. Rg5+ Kf8 22. Rf1 Re6 23. Na4 h6 24. Rgf5 Kg7 25. Nc5 Rd6 26. R5f4 a5 27. Nxe4 Nxe4 28. Rxe4 a4 29. b4 Be6 30. Bg4 Re8 31. Rfe1 Kf6 32.
Kf2 Rd2+ 33. R1e2 Bxg4 34. Rf4+ Kg5 35. Rxg4+ Kxg4 36. Rxd2 Re4 37. Rc2 Kf4 38. Rc3 f5 39. Rh3 Ke5 40. Ra3 Rxc4 41. Rxa4 Ke4 42. Kg3 f4+ 43. Kh3 h5 44. a3 Ke3 45. Ra5 Rc3 46. Rxh5 Rxa3 47. Rc5 Ke4+ 48. Kg4 Ra2 49. g3 f3 50.
Rc4+ Kd3 51. Rxc6 f2 52. Rf6 Ke2 53. Re6+ Kf1 54. h4 Kg2 55. Rf6 Ra3 56. Rxf2+ Kxf2 57. h5 Rxg3+ 58. Kf5 Rb3 59. h6 Rxb4 60. h7 Rh4 61. Kg6 0-1

[Event "*** Titled Tuesday Blitz"]
[Site "Chess.com"]
[Date "2019.10.01"]
[Round "7"]
[White "HrvojeZagreb"]
[Black "Vojtap"]
[Result "0-1"]
[WhiteElo "2071"]
[BlackElo "2162"]
[TimeControl "180+2"]
[EndTime "14:40:19 PDT"]
[Termination "Vojtap won by resignation"]

1. d4 Nf6 2. Bf4 g6 3. Nc3 d5 4. e3 Bg7 5. h4 h5 6. Nf3 c5 7. Qd2 cxd4 8. exd4 Nc6 9. Ne5 O-O 10. O-O-O Bf5 11. Bh6 Rc8 12. f3 a6 13. g4 hxg4 14.
h5 Nxe5 15. dxe5 Nxh5 16. Rxh5 gxh5 17. Qg5 Bg6 18. fxg4 e6 19. Qd2 hxg4 20. Bxg7 Kxg7 21. Bd3 Bxd3 22. Qxd3 Qg5+ 23. Kb1 Qxe5 24. Rg1 f5 25. Qd2 Qf6 26. Qf4 Rh8 27. Qd6 Rcf8 28. Ne2 e5 29. Qxd5 Rh2 30. Ng3 Kg6 31. Qd3 Qg5 32. Qd6+ Qf6 33. Qd3 Rd8 34. Qb3 Rdd2 35. Qg8+ Qg7 36. Qe8+ Kg5 37. Qc8 Qf7 38. Ne4+ fxe4 39. Qxg4+ Kf6 40.
Rf1+ Rdf2 41. Rd1 Qe6 42. Qg1 Rxc2 43. Rf1+ Ke7 44. Qg7+ Kd6 45. Rf6 Rxb2+ 46. Kc1 Rbc2+ 47. Kd1 Rcd2+ 48. Ke1 Rde2+ 49. Kf1 Ref2+ 50. Rxf2 Rxf2+ 51. Kxf2 Qxa2+ 52. Kg3 Qb3+ 53. Kh4 Qd5 54. Qf8+ Kc6 55. Qc8+ Kb5 56. Qe8+ Kc4 57. Qa4+ Kd3 58. Qd1+ Kc4 59. Qa4+ Kc5 60. Qa3+ Kb6 61. Qb4+ Ka7 62. Qe1 Qd4 63.
Kg4 e3+ 64. Kf3 Qf4+ 65. Kg2 Qf2+ 66. Qxf2 exf2 67. Kxf2 a5 68. Ke3 Ka6 69. Kd3 a4 70. Kc2 Ka5 71. Kb1 b5 72. Ka2 b4 73. Kb1 e4 74. Ka2 e3 75. Kb2 e2 76. Ka2 e1=Q 77.
Kb2 Qd2+ 78. Ka1 b3 79. Kb1 Qc2+ 0-1

[Event "*** Titled Tuesday Blitz"]
[Site "Chess.com"]
[Date "2019.10.01"]
[Round "7"]
[White "RitvarsReimanis"]
[Black "GMKrikor"]
[Result "0-1"]
[WhiteElo "2584"]
[BlackElo "2798"]
[TimeControl "180+2"]
[EndTime "14:40:35 PDT"]
[Termination "GMKrikor won by resignation"]

1. d4 Nf6 2. c4 e6 3. Nf3 d5 4. Bf4 Bb4+ 5. Nbd2 dxc4 6. e3 b5 7. Be2 O-O 8. a4 c6 9. O-O Bb7 10. Ne5 Nbd7 11. Ndf3 Nxe5 12. Nxe5 Nd7 13. Bf3 Nxe5 14.
Bxe5 a6 15. Be4 Bd6 16. f4 f6 17. Qh5 f5 18. Bf3 Bxe5 19. fxe5 Qe7 20. e4 g6 21. Qh6 Rad8 22. exf5 exf5 23. Rfd1 Rd7 24. axb5 axb5 25. Ra7 Rfd8 26. Qf4 Kg7 27. h4 Ra8 28.
Rxa8 Bxa8 29. g4 fxg4 30. Bxg4 Rd8 31. e6 Rf8 32. Qe5+ Kg8 33. Rf1 Rxf1+ 34. Kxf1 Bb7 35.
Qb8+ Kg7 36. Qe5+ Kg8 37. Qb8+ Kg7 38. Qe5+ Qf6+ 39. Ke2 Qxe5+ 40. dxe5 Kf8 41. Bf3 Ke7 42. Ke3 Kxe6 43. Kf4 h6 44. Bg4+ Ke7 45. Bf3 b4 46.
Be4 Kf7 47. Ke3 g5 48. hxg5 hxg5 49. Bf5 c5 50. Bg4 Bd5 51. Bh3 Ke7 52. Bg4 Be6 53. Be2 Kd7 54. Bf1 Kc6 55. Ke4 Kb6 56. Be2 Ka5 57.
Bd1 b3 58. Ke3 Kb4 59. Kd2 g4 60. Be2 g3 61. Bf3 Bf5 62. Bd5 c3+ 63. bxc3+ Ka3 64. e6 Bxe6 65. Bxe6 g2 0-1